 Dungeon Crawl Stone Soup version 0.18-a0-1774-gce1f7b6 (webtiles) character file.

4458 M4edhros the Nimble (level 10, -1/58 HPs)
             Began as an Octopode Artificer on Apr 15, 2016.
             Was an Initiate of Gozag.
             Slain by a wight
             ... wielding a +0 trident
              (6 damage)
             ... on level 8 of the Dungeon.
             The game lasted 00:12:00 (7899 turns).

M4edhros the Nimble (Octopode Artificer)            Turns: 7899, Time: 00:12:00

Health: -1/58      AC:  2    Str: 10    XL:     10   Next: 37%
Magic:  12/12      EV: 20    Int: 16    God:    Gozag
Gold:   761        SH:  0    Dex: 17    Spells: 0 memorised, 9 levels left

rFire  + . .     SeeInvis +     r - +2 short sword (venom)
rCold  x . .     Gourm    .     (no shield)
rNeg   . . .     Faith    .     I - +1 hat
rPois  .         Spirit   .     C - amulet of rage
rElec  .         Dismiss  .     t - ring of see invisible
rCorr  .         Reflect  .     g - ring of fire
SustAt .         Harm     .     (no ring)
MR     .....                    (no ring)
Stlth  +++.......               (no ring)
                                (no ring)
                                (no ring)
                                (no ring)

@: confused, heavily drained, not resistant to hostile enchantments, fairly
stealthy
A: almost no armour, amphibious, 8 rings, constrict 8, camouflage 1, clever 1,
gelatinous body 1
a: Potion Petition, Call Merchant, Bribe Branch, Renounce Religion, Evoke
Berserk Rage


You were on level 8 of the Dungeon.
You worshipped Gozag.
Gozag was noncommittal.
You were not hungry.

You visited 1 branch of the dungeon, and saw 8 of its levels.

You collected 1328 gold pieces.
You paid 567 gold pieces to Gozag.

Inventory:

Hand Weapons
 m - a +3 flail of draining
 p - a +0 hunting sling
 q - a +0 blowgun
 r - a +2 short sword of venom (weapon)
 w - a +4 quarterstaff of chaos
Missiles
 e - 101 sling bullets
 h - 4 curare-tipped needles
 l - 24 poisoned needles
 s - 165 stones (quivered)
Armour
 I - a +1 hat (worn)
Magical Staves
 y - an uncursed staff of poison
Jewellery
 g - a ring of fire (right tentacle)
 t - a ring of see invisible (left tentacle)
 C - an amulet of rage (around mantle)
Wands
 b - a wand of flame (12/48)
 c - a wand of enslavement (2/24)
 d - a wand of random effects (10/48)
Scrolls
 i - 8 scrolls of remove curse
 j - 3 scrolls of identify
 k - 2 scrolls of immolation
 n - 2 scrolls of noise
 o - 2 scrolls of random uselessness
 u - 2 scrolls of amnesia
 x - 2 scrolls of magic mapping
 B - a scroll of fog
 F - a scroll of enchant weapon {unknown}
 J - a scroll of torment {unknown}
Potions
 A - 2 potions of invisibility
 D - 2 potions of flight
 G - a potion of ambrosia
Books
 v - a Grand Grimoire

   Spells                             Type                      Level
   a - Monstrous Menagerie            Summoning                    7
   b - Summon Greater Demon           Summoning                    7
   c - Malign Gateway                 Summoning/Translocation      7
   d - Summon Horrible Things         Summoning                    8
 H - an Akashic Record

   Spells                             Type                      Level
   a - Dispersal                      Translocation                6
   b - Malign Gateway                 Summoning/Translocation      7
   c - Disjunction                    Translocation                8
   d - Controlled Blink               Translocation                8
Comestibles
 a - 3 fruits
 f - 6 bread rations
 z - a beef jerky
 K - a meat ration


   Skills:
 - Level 1.0(0.0) Fighting
 - Level 1.0(0.0) Short Blades
 * Level 8.3(6.7) Slings
 - Level 12.5(10.7) Dodging
 - Level 10.1(8.4) Stealth
 - Level 3.2(1.8) Evocations


You had 9 spell levels left.
You didn't know any spells.

Dungeon Overview and Level Annotations

Branches:
Dungeon (8/15)             Temple (0/1) D:5
   Lair: D:8-11

Altars:
Ashenzari
Gozag
Okawaru
Pakellas
Ru
Sif Muna

Shops:
D:5 =


Innate Abilities, Weirdness & Mutations

You cannot wear most types of armour.
You are amphibious.
You can wear up to eight rings at the same time.
You can use your tentacles to constrict eight enemies at once.
Your skin changes colour to match your surroundings (Stealth).
Your rubbery body absorbs attacks (AC +1).
Your mind is acute. (Int +2)


Message History

Okay, then.
Drink which item? (? for menu, Esc to quit)
You can't drink that!
Read which item? (? for menu, Esc to quit)
As you read the scroll of fear, it crumbles to dust.
You assume a fearsome visage.
The wight is unaffected. x2
The wight misses you. The wight barely misses you.
Drink which item? (? for menu, Esc to quit)
You are confused.
You feel invigorated. The wight completely misses you. x2
The wight misses you.
The wight hits you with an enchanted trident!
* * * LOW HITPOINT WARNING * * *
You feel drained.
* * * LOW HITPOINT WARNING * * *
You hit the wight. You squeeze the wight.
The wight is heavily damaged.
The wight hits you with a trident.
You die...
Your body crumbles into a pile of gold.

##############
#............# #####
#............# #....
#............# #....
#............###....
##§§§§............(.
#§§z..........$.$..
#§@z#####.....<.$..
###########..........
#........##......####
#........'.>.....'.z.
#......(.###.....####
#####)#### #.........
#.# #.#'###### #.#
#.#..zz... #.#
#.####zz..


You could see 2 wights.

Vanquished Creatures
  Eustachio (D:5)
  Edmund (D:4)
  Menkaure (D:5)
  Duvessa (D:5)
  2 orc warriors
  2 sky beasts
  An ogre (D:7)
  The ghost of grippy the Chiller, an amateur DgIE (D:3)
  2 centaurs
  Blork the orc (D:5)
  A gnoll sergeant (D:7)
  Dowan (D:5)
  2 howler monkeys
  3 crimson imps
  2 centaur skeletons (D:5)
  A jelly (D:5)
  Crazy Yiuf (D:5)
  5 orc priests
  3 hounds
  4 orc wizards
  2 iguanas
  5 worker ants
  12 gnolls
  9 adders
  3 adder skeletons
  4 worms
  A dart slug (D:2)
  3 giant geckos
  17 orcs
  12 bats
  5 giant cockroaches
  4 goblins
  6 hobgoblins
  7 jackals
  4 quokkas
  3 ball pythons
  3 giant newts (D:1)
  12 kobolds
  5 rats
153 creatures vanquished.

Vanquished Creatures (collateral kills)
  2 wights (D:8)
  An orc wizard (D:8)
  2 orcs (D:8)
  A bat (D:3)
6 creatures vanquished.

Vanquished Creatures (others)
  A centaur (D:8)
  A wight (D:8)
  An adder (D:3)
  An orc (D:3)
4 creatures vanquished.

Grand Total: 163 creatures vanquished

Notes
Turn   | Place    | Note
--------------------------------------------------------------
     0 | D:1      | M4edhros the Octopode Artificer began the quest for the Orb.
     0 | D:1      | Reached XP level 1. HP: 13/13 MP: 3/3
   138 | D:1      | Reached XP level 2. HP: 18/18 MP: 4/4
   712 | D:1      | Reached XP level 3. HP: 15/23 MP: 5/5
  1073 | D:2      | Found a sacrificial altar of Ru.
  1307 | D:2      | Reached skill level 5 in Stealth
  1314 | D:2      | You fall through a shaft for 2 floors!
  1392 | D:4      | Reached XP level 4. HP: 24/28 MP: 6/6
  1414 | D:4      | Found an opulent altar of Gozag.
  1450 | D:4      | Became a worshipper of Gozag Ym Sagoz the Greedy
  1472 | D:4      | Noticed Edmund
  1497 | D:4      | Killed Edmund
  1497 | D:4      | Reached XP level 5. HP: 4/33 MP: 7/7
  2054 | D:3      | Reached XP level 6. HP: 23/38 MP: 8/8
  2060 | D:3      | Noticed grippy's ghost (amateur DgIE)
  2134 | D:3      | Found a faded altar to an unknown god.
  3409 | D:3      | Killed grippy's ghost
  3549 | D:3      | Reached skill level 10 in Stealth
  3549 | D:3      | Reached XP level 7. HP: 33/43 MP: 9/9
  3851 | D:4      | Found a shattered altar of Ashenzari.
  3870 | D:4      | Reached skill level 1 in Slings
  4370 | D:5      | Entered Level 5 of the Dungeon
  4377 | D:5      | Noticed Eustachio
  4384 | D:5      | Killed Eustachio
  4384 | D:5      | Reached skill level 3 in Dodging
  4424 | D:5      | Reached XP level 8. HP: 43/48 MP: 10/10
  4452 | D:5      | Noticed Duvessa
  4453 | D:5      | Noticed Dowan
  4466 | D:5      | Gained mutation: Your mind is acute. (Int +2) [potion of beneficial mutation]
  4468 | D:5      | Killed Duvessa
  4674 | D:5      | Noticed Menkaure
  4681 | D:5      | Killed Menkaure
  4706 | D:5      | Noticed Crazy Yiuf
  4712 | D:5      | Killed Crazy Yiuf
  4712 | D:5      | Reached skill level 5 in Slings
  4810 | D:5      | Reached skill level 4 in Dodging
  4930 | D:5      | Noticed Blork the orc
  4938 | D:5      | Killed Blork the orc
  4967 | D:5      | Found a staircase to the Ecumenical Temple.
  5732 | D:5      | Killed Dowan
  6013 | D:6      | Reached skill level 5 in Dodging
  6071 | D:6      | Reached XP level 9. HP: 53/53 MP: 11/11
  6322 | D:6      | Found a deep blue altar of Sif Muna.
  6324 | D:6      | Found an oddly glowing altar of Pakellas.
  6634 | D:6      | Found an iron altar of Okawaru.
  6851 | D:7      | Reached skill level 12 in Dodging
  6851 | D:7      | Reached XP level 10. HP: 32/58 MP: 12/12
  7898 | D:8      | HP: 2/58 [wight/enchanted trident (4)]
  7899 | D:8      | Slain by a wight

Vault maps used:
D:1:      co_arrival_random_square_maze, roderic_lattice_a, moated_statue
D:2:      nicolae_ru_awakened_eye
D:3:      ecumenical_altar_1
D:4:      lemuel_doored_altar, ashenzari_altar_1, uniq_edmund
D:5:      first_bread, uniq_crazy_yiuf_cottage, uniq_duvessa, uniq_eustachio,
          uniq_menkaure, uniq_blork_the_orc
D:6:      kennysheep_little_box, grunt_temple_overflow_open
D:8:      the_bakery, grunt_gozag_statues, uniq_erica

Skill      XL: |  1  2  3  4  5  6  7  8  9 10 |
---------------+-------------------------------+-----
Stealth        | 2 4 5 7 8 10 | 10.1
Slings         | 3 7 8 |  8.3
Dodging        | 3 5 12 | 12.5
Fighting       | |  1.0
Short Blades   | |  1.0
Evocations     | |  3.2

Action                   |  1- 3 |  4- 6 |  7- 9 | 10-12 || total
-------------------------+-------+-------+-------+-------++-------
Melee: Short sword       |    26 |    26 |   143 |    60 ||   255
       Constrict         |    14 |    16 |    31 |    16 ||    77
       Tentacles         |     6 |    24 |    31 |    19 ||    80
       Mace              |    36 |    20 |       |       ||    56
       Flail             |       |    51 |       |       ||    51
 Fire: Hunting sling     |       |       |       |     8 ||     8
Invok: Call Merchant     |       |       |     1 |       ||     1
 Abil: Evoke Berserk Rag |       |       |       |     1 ||     1
Evoke: Wand              |       |     7 |     1 |    13 ||    21
  Use: Potion            |     3 |     1 |     5 |     2 ||    11
       Scroll            |       |     5 |     5 |     2 ||    12
 Stab: Sleeping          |    14 |    11 |    21 |     1 ||    47
       Confused          |       |     4 |       |       ||     4
       Distracted        |       |     1 |     2 |     2 ||     5
  Eat: Chunk             |       |     3 |       |       ||     3
       Meat ration       |       |     1 |     2 |     1 ||     4
Armor: Skin              |    11 |     5 |     4 |       ||    20
Dodge: Dodged            |    38 |    48 |    70 |    95 ||   251
